 Dungeon Sprint DCSS version 0.14-a0-3167-gc8df72d (webtiles) character file.

8 BluebellGnoll the Thaumaturge (level 2, -5/22 HPs)
             Began as a Deep Elf Fire Elementalist on Mar 10, 2014.
             Was a Believer of Sif Muna.
             Slain by an air elemental (6 damage)
             ... in the Dungeon (Sprint V: "Ziggurat Sprint").
             The game lasted 00:02:38 (141 turns).

BluebellGnoll the Thaumaturge (DEFE)                 Turns: 141, Time: 00:02:38

HP  -5/22        AC  2     Str 16      XL: 2   Next:  0%
MP  16/18        EV 13     Int 25      God: Sif Muna [**....]
Gold 0           SH  0     Dex 15      Spells:  2 memorised, 18 levels left

rFire  . . .     SeeInvis .     M - +5 quick blade
rCold  . . .     Clarity  .     a - +0 robe
rNeg   . . .     Conserve .     (no shield)
rPois  .         rCorr    .     (no helmet)
rElec  .         rRot     .     (no cloak)
SustAb . .       Spirit   .     (no gloves)
rMut   .         Warding  .     (no boots)
Saprov . . .     NoTele   +     (no amulet)
MR     .....                    r - +6 ring of strength
                                q - +6 ring of intelligence

@: berserking, very quick, not resistant to hostile enchantments, extremely
unstealthy
A: no striking features
a: Channel Energy, Forget Spell, Renounce Religion


You were in the Dungeon.
You worshipped Sif Muna.
Sif Muna was pleased with you.
You were not hungry.

You visited 1 branch

Inventory:

Hand weapons
 M - a +5,+5 quick blade (weapon)
Armour
 a - a +0 robe (worn)
Magical devices
 j - a wand of disintegration (7)
 k - a wand of fire (5)
 l - a wand of cold (5)
Comestibles
 c - 5 bread rations
 L - 4 meat rations
Scrolls
 i - 4 scrolls of blinking
 y - 4 scrolls of amnesia
 E - 3 scrolls of recharging
 F - 7 scrolls of fog
 G - a scroll of holy word
 H - 5 scrolls of identify
 I - 5 scrolls of remove curse
 J - 2 scrolls of fear
Jewellery
 p - a +6 ring of intelligence
 q - a +6 ring of intelligence (left hand)
 r - a +6 ring of strength (right hand)
 v - an uncursed ring of flight
Potions
 d - 5 potions of curing
 e - 8 potions of heal wounds
 f - 6 potions of speed
 g - 7 potions of magic
 h - 2 potions of berserk rage
 w - 2 potions of brilliance
 x - 2 potions of invisibility
 z - 2 potions of restore abilities
 A - 4 potions of resistance
 C - 3 potions of agility
 D - 5 potions of might
Books
 b - a book of Flames

   Spells                             Type                      Level
   *Flame Tongue                      Conjuration/Fire             1
   *Throw Flame                       Conjuration/Fire             2
   Conjure Flame                      Conjuration/Fire             3
   Inner Flame                        Hexes/Fire                   3
   Sticky Flame                       Conjuration/Fire             4
   Fireball                           Conjuration/Fire             5
 t - a tome of Destruction
Miscellaneous
 u - a disc of storms


   Skills:
 + Level 2.4 Dodging
 + Level 2.4 Stealth
 + Level 10.1 Spellcasting
 + Level 1.1 Conjurations
 + Level 3.2 Fire Magic


You had 18 spell levels left.
You knew the following spells:

 Your Spells              Type           Power        Failure   Level  Hunger
a - Flame Tongue          Conj/Fire      ###..        1%          1    None
b - Throw Flame           Conj/Fire      ###...       3%          2    None


Dungeon Overview and Level Annotations

Branches:
Dungeon (1/1)

Altars:
Ashenzari
Cheibriados
Dithmenos
Elyvilon
Fedhas
Kikubaaqudgha
Makhleb
Nemelex Xobeh
Okawaru
Sif Muna
Trog
Vehumet
Xom
Yredelemnul
Zin
The Shining One
Beogh
Jiyva
Lugonu


Message History

The insubstantial wisp completely resists.
The air elemental hits you.
* * * LOW HITPOINT WARNING * * *
Drink which item? (? for menu, Esc to quit)
You feel much better. The air elemental hits you. The air elemental hits you.
The insubstantial wisp closely misses you.
The air elemental hits you but does no damage.
Drink which item? (? for menu, Esc to quit)
A red film seems to cover your vision as you go berserk!
You feel yourself moving faster!
You feel mighty! The air elemental barely misses you.
The air elemental hits you!
The insubstantial wisp blinks!
You puncture the air elemental!
The air elemental is moderately damaged.
The air elemental hits you.
* * * LOW HITPOINT WARNING * * *
You impale the air elemental!!
The air elemental is almost destroyed.
The air elemental hits you.
You die...

▓▓▓▓▓▓▓
▓.8©8.▓
▓.....▓
▓.}.?v▓
▓...E@▓
▓.....▓
▓.....▓
▓▓▓▓▓▓▓


You could see an air elemental and an insubstantial wisp.

Vanquished Creatures (others)
  Eustachio (D)
1 creature vanquished.

Notes
Turn   | Place    | Note
--------------------------------------------------------------
     0 | D        | BluebellGnoll, the Deep Elf Fire Elementalist, began the quest for the Orb.
     0 | D        | Reached XP level 1. HP: 10/10 MP: 5/5
     0 | D        | Found a white marble altar of Elyvilon.
     1 | D        | Found a sparkling altar of Nemelex Xobeh.
     1 | D        | Found a burning altar of Makhleb.
     2 | D        | Found a deep blue altar of Sif Muna.
     2 | D        | Found a bloodstained altar of Trog.
     5 | D        | Found an iron altar of Okawaru.
    16 | D        | Found an ancient bone altar of Kikubaaqudgha.
    18 | D        | Found a basalt altar of Yredelemnul.
    18 | D        | Found a radiant altar of Vehumet.
    23 | D        | Found a shimmering altar of Xom.
    37 | D        | Became a worshipper of Sif Muna the Loreminder
    43 | D        | Acquired Sif Muna's first power
    43 | D        | Acquired Sif Muna's second power
    43 | D        | Reached skill level 10 in Spellcasting
    43 | D        | Reached XP level 2. HP: 15/15 MP: 4/18
    47 | D        | Learned a level 2 spell: Throw Flame
   121 | D        | Killed Eustachio
   132 | D        | Entered arena 1.
   132 | D        | Noticed an air elemental
   132 | D        | Noticed an insubstantial wisp
   140 | D        | HP: 1/22 [air elemental (6)]
   141 | D        | Slain by an air elemental

Action                   || total
-------------------------++-------
Melee: Quick blade       ||     2
 Cast: Flame Tongue      ||     2
  Use: Potion            ||     4
